 Dungeon Crawl Stone Soup version 0.31.0-11-ge490571c62 (webtiles) character file.

Game seed: 10758584602431088802

9 browni3141 the Shooter (level 2, 15/22 HPs)
             Began as a Demonspawn Hunter on Jan 31, 2024.
             Got out of the dungeon alive.
             The game lasted 00:00:05 (239 turns).

browni3141 the Shooter (Demonspawn Hunter)           Turns: 239, Time: 00:00:06

Health: 15/22      AC:  3    Str: 11    XL:     2   Next: 6%
Magic:  2/2        EV: 12    Int:  9    God:
Gold:   11         SH:  0    Dex: 16    Spells: 1/1 levels left

rFire   . . .        a - +0 shortbow
rCold   . . .        (shield currently unavailable)
rNeg    . . .        c - +0 leather armour
rPois   .            (helmet restricted)
rElec   .            (no cloak)
rCorr   .            (no gloves)
SInv    .            (no boots)
Will    .....        (no amulet)
Stlth   ++           (no ring)
HPRegen 0.23/turn    (no ring)
MPRegen 0.08/turn

%: no passive effects
@: no status effects
A: horns 1
a: no special abilities


You escaped.
You visited 1 branch of the dungeon, and saw 1 of its levels.

You collected 11 gold pieces.

Inventory:

Hand Weapons
 a - a +0 shortbow (weapon)
Armour
 c - a +0 leather armour (worn)
Scrolls
 b - a scroll of butterflies
 e - a scroll of fear {unknown}
Potions
 d - a potion of resistance {unknown}


   Skills:
 + Level 2.2 Fighting
 + Level 3.7 Ranged Weapons
 + Level 2.0 Dodging
 + Level 1.2 Stealth


You had one spell level left.
You didn't know any spells.
Your spell library was empty.

Dungeon Overview and Level Annotations

Branches:
Dungeon (1/15)

Altars:


Innate Abilities, Weirdness & Mutations

You have a pair of small horns on your head.


Message History

You kill the rat!
A kobold comes into view. It is wielding a +0 club.
The kobold shouts!
You shoot an arrow. The arrow hits the kobold.
You kill the kobold!
A goblin comes into view. It is wielding a +0 dagger.
Your Stealth skill increases to level 1!
A goblin is nearby!
A goblin is nearby!
You shoot an arrow. The goblin shouts!
The arrow hits the goblin!
You kill the goblin!
No target in view!
You see here a +0 whip.
A rat comes into view.
You shoot an arrow. The arrow hits the rat!
You kill the rat!
A kobold comes into view. It is wielding a +0 club.
A kobold is nearby!
You shoot an arrow. The arrow hits the kobold.
The kobold shouts!
The kobold is severely wounded.
You shoot an arrow. The arrow hits the kobold.
You kill the kobold!
e - a scroll labelled JORUYTR DYET No target in view!
A ball python and a kobold come into view.
The kobold shouts!
The ball python hisses angrily.
A frilled lizard comes into view.
The kobold throws a stone.
The stone hits you but does no damage.
You shoot an arrow. The arrow misses the frilled lizard.
The frilled lizard hisses angrily.
There are monsters nearby!
You shoot an arrow.
The arrow barely misses the frilled lizard.
There are monsters nearby!
You shoot an arrow. The arrow misses the frilled lizard.
The frilled lizard bites you.
There are monsters nearby!
You shoot an arrow.
The arrow barely misses the frilled lizard.
The frilled lizard bites you but does no damage.
The frilled lizard bites you.
There are monsters nearby!
You shoot an arrow. The arrow hits the ball python.
You kill the ball python!
A hobgoblin comes into view.
The frilled lizard misses you.
The kobold throws a stone.
The stone hits you.
There are monsters nearby!
You shoot an arrow.
The arrow closely misses the frilled lizard.
The frilled lizard barely misses you.
The kobold throws a stone.
The stone hits you.
There are monsters nearby!
You shoot an arrow. The arrow hits the frilled lizard.
You kill the frilled lizard!
The kobold throws a stone.
The stone hits you but does no damage. The hobgoblin misses you.
You shoot an arrow. The arrow closely misses the kobold.
The hobgoblin hits you. The kobold barely misses you.
There are monsters nearby!
You shoot an arrow.
The arrow hits the kobold but does no damage.
The hobgoblin barely misses you. The kobold hits you with a +0 whip.
There are monsters nearby!
You shoot an arrow.
The arrow hits the kobold but does no damage.
The hobgoblin completely misses you. The kobold closely misses you.
There are monsters nearby!
You shoot an arrow. The arrow barely misses the kobold.
The hobgoblin hits you. The kobold closely misses you.
There are monsters nearby!
You shoot an arrow. The arrow hits the kobold!
You kill the kobold!
The hobgoblin hits you. x2
Your Dodging skill increases to level 2!
You have reached level 2!
Your demonic ancestry asserts itself...
A pair of horns grows on your head!
You shoot an arrow. The arrow hits the hobgoblin.
The hobgoblin is heavily wounded.
The hobgoblin barely misses you.
You shoot an arrow. The arrow barely misses the hobgoblin.
The hobgoblin hits you but does no damage.
You shoot an arrow. The arrow hits the hobgoblin.
You kill the hobgoblin!
No target in view!
Things that are here:
a hobgoblin corpse; a frilled lizard corpse
Things that are here:
a +0 dagger; a goblin corpse
Things that are here:
a +0 club; a kobold corpse You see here a rat corpse.
You enter the shallow water.
Moving in this stuff is going to be slow.
You see here a +0 chain mail.
There is a staircase leading out of the dungeon here.
You have escaped!

#### # ♣#♣≈≈≈♣ #
#♣≈≈≈≈♣ # ♣♣≈≈≈≈♣
##♣♣♣♣♣♣≈≈≈~♣♣#♣♣♣
.......~≈≈≈....♣@♣
.......~≈~....[..♣
.......~≈≈.......♣
......~≈≈~...♣♣..♣
....♣.~≈≈~..♣....♣
...♣..~≈≈~...♣..♣♣
......≈≈~......♣#♣
...♣..≈≈~........♣
...♣.≈~~~...♣...>♣


There were no monsters in sight!

Vanquished Creatures
  A ball python (D:1)
  A goblin (D:1)
  A hobgoblin (D:1)
  3 kobolds (D:1)
  A frilled lizard (D:1)
  2 rats (D:1)
9 creatures vanquished.

Notes
Turn   | Place    | Note
-------+----------+-------------------------------------------
     0 | D:1      | browni3141 the Demonspawn Hunter began the quest for the
                  | Orb.
     0 | D:1      | Reached XP level 1. HP: 16/16 MP: 1/1
    49 | D:1      | Reached skill level 1 in Stealth
   194 | D:1      | Gained mutation: You have a pair of small horns on your
                  | head. [demonic ancestry]
   194 | D:1      | Reached XP level 2. HP: 4/22 MP: 2/2
   239 | D:$      | Got out of the dungeon alive.

Illustrated notes

Levels and vault maps discovered:
D:1:      lemuel_arrival_river_ford, layout_loops_ring

Skill      XL: |  1 |
---------------+----+-----
Stealth        | 1 |  1.2
Dodging        | 2 |  2.0
Fighting       | |  2.2
Ranged Weapons | |  3.7

Action                     || total
---------------------------++-------
   Fire: Shortbow          ||    21
 Armour: Leather armour    ||    13
  Dodge: Dodged            ||     9
